 Dungeon Crawl Stone Soup version 0.29-a0-920-g5d2155ec51 (webtiles) character file.

Game seed: 3307557726725680447

58523 Malachi the Fighter (level 14, -2/96 HPs)
             Began as a Demigod Ice Elementalist on July 26, 2022.
             Slain by a green ugly thing (6 damage)
             ... on level 14 of the Dungeon on July 27, 2022.
             The game lasted 00:50:12 (27767 turns).

Malachi the Fighter (Demigod Ice Elementalist)     Turns: 27767, Time: 00:50:13

Health: -2/96      AC: 13    Str:  9    XL:     14   Next: 15%
Magic:  21/31      EV: 15    Int: 31    God:
Gold:   1031       SH:  0    Dex: 12    Spells: 15/30 levels left

rFire   . . .      SeeInvis .   K - staff of conjuration
rCold   . . .      Faith    .   (no shield)
rNeg    . . .      Spirit   .   M - +0 troll leather armour
rPois   +          Reflect  .   (helmet restricted)
rElec   .          Harm     .   R - +0 cloak
rCorr   +          Rampage  .   g - +0 pair of gloves
Will    +....      Clarity  +   x - +1 pair of boots
Stlth   ++........              U - amulet of regeneration
HPRegen 1.86/turn               i - +4 ring of protection
MPRegen 0.22/turn               l - ring of the Sharing Gods {rPois rCorr}

@: lethally poisoned (-2 -> -3), spiked, very slightly contaminated, studying
Shields, unable to drink
A: high MP 1, forlorn, divine attributes, fangs 1, horns 1, clarity, clumsy 1,
deformed body, dopey 1, frail 2, inability to drink while threatened 1
a: no special abilities


You were on level 14 of the Dungeon.
You visited 2 branches of the dungeon, and saw 19 of its levels.

You collected 1151 gold pieces.
You spent 120 gold pieces at shops.

Inventory:

Hand Weapons
 m - the +3 mace of Juixeuf {freeze, rN++}
   (You found it on level 2 of the Dungeon)

   It freezes those it strikes, dealing additional cold damage.
   It can also slow down cold-blooded creatures.
   rN:        It greatly protects you from negative energy.
Missiles
 a - 2 throwing nets
 E - 24 poisoned darts
 J - 6 datura-tipped darts
Armour
 g - a +0 pair of gloves (worn)
 t - a +1 helmet of intelligence
 x - a +1 pair of boots (worn)
 G - a +2 leather armour of fire resistance
 M - a +0 troll leather armour (worn)
 R - a +0 cloak (worn)
Magical Staves
 r - a staff of air
 K - a staff of conjuration (weapon)
Jewellery
 i - a +4 ring of protection (left hand)
 l - the ring of the Sharing Gods (right hand) {rPois rCorr}
   (You acquired it on level 2 of the Dungeon)

   [ring of poison resistance]

   rPois:     It protects you from poison.
   rCorr:     It protects you from acid and corrosion.
 H - a +6 ring of intelligence
 N - a ring of willpower
 Q - a ring of ice
 U - an amulet of regeneration (around neck)
Wands
 h - a wand of flame (5)
 F - a wand of charming (26)
 I - a wand of quicksilver (9)
 L - a wand of mindburst (7)
 P - a wand of polymorph (1)
 T - a wand of digging (3)
Scrolls
 c - 5 scrolls of fog
 k - 3 scrolls of enchant weapon
 o - 7 scrolls of teleportation
 q - 2 scrolls of immolation
 s - a scroll of blinking
 u - 2 scrolls of enchant armour
 v - a scroll of vulnerability
 y - 3 scrolls of fear
 B - 2 scrolls of magic mapping
 O - a scroll of amnesia
Potions
 b - 2 potions of magic
 d - 7 potions of brilliance
 e - 12 potions of curing
 f - 2 potions of ambrosia
 j - 3 potions of flight
 n - 4 potions of cancellation
 p - 4 potions of invisibility
 w - 3 potions of haste
 z - 6 potions of heal wounds
 A - 2 potions of lignification
 C - 2 potions of attraction
 D - 4 potions of might
Miscellaneous
 S - a condenser vane


   Skills:
 - Level 10.0 Fighting
 + Level 9.8 Armour
 + Level 9.6 Dodging
 - Level 2.0 Stealth
 + Level 8.9 Spellcasting
 - Level 9.0 Conjurations
 - Level 9.0 Transmutations
 - Level 8.0 Ice Magic


You had 15 spell levels left.
You knew the following spells:

 Your Spells              Type           Power      Damage    Failure   Level
a - Freeze                Ice            100%       1d11      1%          1
b - Frozen Ramparts       Ice            100%       1d12      1%          3
c - Ozocubu's Armour      Ice            59%        N/A       1%          3
d - Stone Arrow           Conj/Erth      100%       3d13      2%          3
e - Irradiate             Conj/Tmut      40%        3d25      3%          5

Your spell library contained the following spells:

 Spells                   Type           Power      Damage    Failure   Level
 Ensorcelled Hibernation  Hex/Ice        76%        N/A       1%          2
 Passwall                 Tmut/Erth      34%        N/A       1%          2
 Hailstorm                Conj/Ice       79%        3d16      1%          4
 Iskenderun's Battlesphe  Conj           81%        2d13      3%          5
 Apportation              Tloc           26%        N/A       4%          1
 Necrotise                Necr           52%        1d6       4%          1
 Sandblast                Erth           26%        2d8       4%          1
 Summon Small Mammal      Summ           52%        N/A       4%          1
 Sublimation of Blood     Necr           13%        N/A       7%          2
 Petrify                  Tmut/Erth      41%        N/A       8%          4
 Call Canine Familiar     Summ           13%        N/A       14%         3
 Gell's Gravitas          Tloc           13%        N/A       14%         3
 Lesser Beckoning         Tloc           13%        N/A       14%         3
 Portal Projectile        Hex/Tloc       26%        N/A       14%         3
 Swiftness                Air            13%        N/A       14%         3
 Teleport Other           Tloc           13%        N/A       14%         3
 Fireball                 Conj/Fire      29%        3d13      21%         5
 Leda's Liquefaction      Hex/Erth       6%         N/A       43%         4
 Orb of Destruction       Conj           40%        9d11      69%         7
 Conjure Ball Lightning   Conj/Air       29%        3x3d8     75%         6


Dungeon Overview and Level Annotations

Branches:
Dungeon (14/15)            Temple (0/1) D:7            Lair (5/5) D:8
  Swamp (0/4) Lair:3       Spider (0/4) Lair:2        Slime (0/5) Lair:4
    Orc (0/2) D:10
 Vaults: D:13-14

Shops:
D:2 *   D:7 !:   D:10 =

Portals:
Trove: D:11 (give gold dragon scales of Fresh Tender Moments)

Annotations:
D:14 Frances


Innate Abilities, Weirdness & Mutations

You have an increased reservoir of magic. (+10% MP)
You shall have no god before yourself.
Your divine heritage dramatically boosts your attributes as you level up.
You have very sharp teeth.
You have a pair of small horns on your head.
You possess an exceptional clarity of mind.
You are clumsy. (Dex -2)
Armour fits poorly on your strangely shaped body.
You are dopey. (Int -2)
You are very frail. (-20% HP)
You occasionally lose the ability to drink potions when taking damage.


Message History

Frances, Duchess of Pandemonium comes into view.
She is wielding a +0 glaive.
The barbed spikes dig painfully into your body as you move.
You feel very sick.
The meliai shoots a bolt.
The bolt hits you.
* * * LOW HITPOINT WARNING * * *
Found a scroll of enchant armour.
The barbed spikes dig painfully into your body as you move.
* * * LOW HITPOINT WARNING * * *
You feel very sick.
The meliai unwields the +11 arbalest of Pain and Death {venom, Will+ rCorr}.
It stops dripping with poison.
The meliai wields a +0 hand axe.
The meliai misses you.
The meliai stings you but does no damage.
The centaur warrior simulacrum hits you but does no damage.
The centaur warrior simulacrum kicks you.
* * * LOW HITPOINT WARNING * * *
The centaur warrior simulacrum freezes you!
You feel threatened and lose the ability to drink potions!
* * * LOW HITPOINT WARNING * * *
The meliai barely misses you.
The meliai stings you but does no damage.
Frances says, "I value strength and power.
I see none of this in you."
Casting: Irradiate (dangerous; 3% risk of failure)
Press: ? - help, Q - select action, (/) - cycle Dir - look around, f - activate You feel a surge of power!
You erupt in a fountain of uncontrolled magic!
The cyan ugly thing is blasted with magical radiation!!
The cyan ugly thing is moderately wounded.
The cyan ugly thing basks in the mutagenic energy and changes!
The meliai is blasted with magical radiation!!!
You kill the meliai!
The centaur warrior simulacrum is blasted with magical radiation!!
The centaur warrior simulacrum is almost destroyed.
You feel sick.
The centaur warrior simulacrum hits you but does no damage.
The centaur warrior simulacrum misses you.
The centaur warrior simulacrum barely misses you.
The centaur warrior simulacrum kicks you but does no damage.
The green ugly thing stings you.
You die...

#......?.#
#........#
##........#
#..$......#
#!.>.....# #
#......./#
###.
#..uZ).^.#
....
#.@.@....#
#..#..†.....#
#.[..#.#####
#)..#..#.###
#z...
#.B#...# ###.
#.°###.# ..
#°.# #.# #.
#..# #.# .
...# #.#


You could see Frances, a green ugly thing and a centaur warrior simulacrum.

Vanquished Creatures
  Rupert (Lair:3)
  Kirke (D:12)
  The ghost of aves the Bludgeoner, a journeyman DsFi (Lair:4)
  Fannar (D:11)
  6 boulder beetles
  3 hydras
  Harold (D:10)
  4 catoblepae (Lair:5)
  2 centaur warriors (D:13)
  A death knight (D:13)
  5 two-headed ogres
  12 death yaks (Lair:5)
  A deep elf pyromancer (D:12)
  A cyclops (D:11)
  6 ugly things
  6 manticores
  3 black mambas
  11 elephants
  4 cane toads (Lair:5)
  An unseen horror (D:12)
  A rime drake (Lair:1)
  4 freezing wraiths
  Psyche (D:9)
  7 komodo dragons
  2 meliai
  A troll (shapeshifter) (D:14)
  3 trolls
  15 blink frogs
  2 slime creatures
  2 vampires
  2 wraiths
  3 shadows
  3 basilisks
  34 yaks
  A hog (D:12)
  3 wyverns
  3 steam dragons
  4 vampire mosquitoes
  20 water moccasins
  2 hell hounds (Lair:1)
  Duvessa (D:7)
  A sky beast (D:6)
  2 black bears (D:5)
  5 orc warriors
  3 ice beasts
  3 ogres
  10 wolves (Lair:2)
  10 centaurs
  A phantom (D:7)
  3 kobold brigands
  11 bullfrogs
  A gnoll sergeant (D:9)
  6 scorpions
  Dowan (D:7)
  3 killer bees (Lair:2)
  An electric eel (Lair:3)
  4 howler monkeys
  A crimson imp (D:5)
  2 hounds
  A gnoll bouda (D:9)
  8 orc priests
  8 jellies
  7 orc wizards
  Terence (D:2)
  4 iguanas
  12 adders
  12 gnolls
  A shadow imp (D:6)
  2 white imps
  An ufetubus (D:4)
  2 worms (D:2)
  3 dart slugs
  27 orcs
  4 ball pythons
  8 bats
  6 endoplasms
  2 giant cockroaches
  4 goblins
  8 hobgoblins
  2 quokkas (D:2)
  4 frilled lizards
  29 kobolds
  5 rats
414 creatures vanquished.

Vanquished Creatures (others)
  A human (D:14)
  An orc wizard (D:12)
  An orc (D:12)
  14 fungi
  61 plants
78 creatures vanquished.

Grand Total: 492 creatures vanquished

Notes
Turn   | Place    | Note
-------+----------+-------------------------------------------
     0 | D:1      | Malachi the Demigod Ice Elementalist began the quest for
                  | the Orb.
     0 | D:1      | Reached XP level 1. HP: 14/14 MP: 5/5
   361 | D:1      | Reached XP level 2. HP: 20/20 MP: 4/7
  1468 | D:2      | Reached XP level 3. HP: 26/26 MP: 3/9
  1725 | D:2      | Noticed Terence
  1735 | D:2      | Killed Terence
  1852 | D:2      | Learned a level 3 spell: Frozen Ramparts
  1865 | D:2      | Reached XP level 4. HP: 33/33 MP: 4/11
  1971 | D:2      | Identified the +3 mace of Juixeuf {freeze, rN++}
  2409 | D:2      | Found Tenkec's General Store.
  2418 | D:2      | Bought a scroll of identify for 24 gold pieces
  2419 | D:2      | Identified a scroll of acquirement
  2421 | D:2      | Acquired the ring of the Sharing Gods {rPois rCorr}
  2645 | D:3      | Learned a level 3 spell: Ozocubu's Armour
  3953 | D:4      | Reached XP level 5. HP: 37/38 MP: 13/13
  4425 | D:4      | Reached skill level 5 in Ice Magic
  4728 | D:5      | Entered Level 5 of the Dungeon
  4728 | D:5      | Noticed an ogre
  4734 | D:5      | Reached XP level 6. HP: 45/45 MP: 12/15
  4986 | D:5      | Reached XP level 7. HP: 50/50 MP: 9/16
  5413 | D:5      | Learned a level 3 spell: Stone Arrow
  5788 | D:5      | Reached skill level 1 in Conjurations
  6023 | D:6      | Reached XP level 8. HP: 54/57 MP: 14/17
  6596 | D:6      | Reached skill level 5 in Conjurations
  7132 | D:6      | Upgraded the game from 0.29-a0-914-g906f1d757c to
                  | 0.29-a0-920-g5d2155ec51
  7218 | D:7      | Found a staircase to the Ecumenical Temple.
  7959 | D:7      | Found Dudecin's Distillery.
  8097 | D:7      | Noticed Duvessa
  8097 | D:7      | Noticed Dowan
  8102 | D:7      | Killed Duvessa
  8104 | D:7      | Killed Dowan
  8311 | D:7      | Found Wasm's Book Emporium.
  8453 | D:8      | Found a staircase to the Lair.
  8462 | D:7      | Reached skill level 1 in Transmutations
  8637 | D:8      | Noticed a purple ugly thing
  8638 | D:8      | Noticed a kobold demonologist
  8638 | D:8      | Noticed a meliai
  8638 | D:8      | Noticed a cyclops
  8638 | D:8      | Noticed a tengu conjurer
  8639 | D:8      | Noticed a two-headed ogre
  8654 | D:8      | Reached XP level 9. HP: 61/62 MP: 9/18
  8777 | D:8      | Reached skill level 5 in Transmutations
  9036 | D:8      | Noticed a deep elf pyromancer
  9195 | D:8      | Learned a level 5 spell: Irradiate
 10262 | Lair:1   | Entered Level 1 of the Lair of Beasts
 10277 | Lair:1   | Noticed an elephant
 10277 | Lair:1   | Noticed an elephant
 10278 | Lair:1   | Noticed an elephant
 10293 | Lair:1   | Killed an elephant
 10293 | Lair:1   | Killed an elephant
 10294 | Lair:1   | Reached XP level 10. HP: 43/69 MP: 8/21
 10299 | Lair:1   | Killed an elephant
 10300 | Lair:1   | Reached skill level 5 in Spellcasting
 12846 | Lair:2   | Reached XP level 11. HP: 61/74 MP: 9/26
 13102 | Lair:2   | Found a hole to the Spider Nest.
 13558 | Lair:2   | Reached skill level 1 in Fighting
 13776 | Lair:2   | Reached skill level 2 in Fighting
 14257 | Lair:2   | Reached skill level 3 in Fighting
 14265 | Lair:2   | Reached skill level 4 in Fighting
 14898 | Lair:3   | Reached skill level 5 in Fighting
 15162 | Lair:3   | Noticed Rupert
 15167 | Lair:3   | Found a staircase to the Swamp.
 15307 | Lair:3   | Reached skill level 6 in Fighting
 15501 | Lair:3   | Reached skill level 7 in Fighting
 15502 | Lair:3   | Killed Rupert
 16293 | Lair:4   | Reached skill level 8 in Fighting
 16460 | Lair:4   | Reached XP level 12. HP: 103/103 MP: 17/28
 16626 | Lair:4   | Noticed aves's ghost (journeyman DsFi)
 16958 | Lair:4   | Reached skill level 9 in Fighting
 17123 | Lair:4   | Found a runed translucent door.
 17411 | Lair:4   | Found a staircase to the Slime Pits.
 17636 | Lair:4   | Killed aves's ghost
 17730 | Lair:5   | Entered Level 5 of the Lair of Beasts
 17813 | Lair:5   | Reached skill level 10 in Fighting
 17969 | Lair:5   | Reached skill level 1 in Armour
 18311 | Lair:5   | Noticed a boulder beetle
 18319 | Lair:5   | Killed a boulder beetle
 18622 | Lair:5   | Noticed a catoblepas
 18630 | Lair:5   | Killed a catoblepas
 18634 | Lair:5   | Gained mutation: You are frail. (-10% HP) [mutagenic glow]
 18800 | Lair:5   | Noticed a catoblepas
 18813 | Lair:5   | Killed a catoblepas
 18814 | Lair:5   | Reached skill level 5 in Armour
 18917 | Lair:5   | Reached skill level 5 in Dodging
 18943 | Lair:5   | Gained mutation: You occasionally lose the ability to drink
                  | potions when taking damage. [mutagenic glow]
 18961 | Lair:5   | Gained mutation: You sometimes lose the ability to drink
                  | potions when taking damage. [mutagenic glow]
 19172 | Lair:5   | Reached XP level 13. HP: 96/101 MP: 11/29
 19678 | D:2      | Bought a potion of mutation for 96 gold pieces
 19678 | D:2      | Lost mutation: You sometimes lose the ability to drink
                  | potions when taking damage. [potion of mutation]
 19678 | D:2      | Lost mutation: You occasionally lose the ability to drink
                  | potions when taking damage. [potion of mutation]
 19678 | D:2      | Gained mutation: You possess an exceptional clarity of
                  | mind. [potion of mutation]
 19678 | D:2      | Gained mutation: You have very sharp teeth. [potion of
                  | mutation]
 21026 | D:9      | Noticed Psyche
 21035 | D:9      | Killed Psyche
 21944 | D:10     | Entered Level 10 of the Dungeon
 21969 | D:10     | Found a staircase to the Orcish Mines.
 22259 | D:10     | Noticed Harold
 22267 | D:10     | Killed Harold
 22268 | D:10     | Found Toifuzyb's Jewellery Shoppe.
 24141 | D:11     | Noticed Fannar
 24145 | D:11     | Killed Fannar
 24243 | D:11     | Found a portal to a secret trove of treasure.
 24447 | D:12     | Noticed Kirke
 24453 | D:12     | Killed Kirke
 25770 | D:13     | Gained mutation: You are clumsy. (Dex -2) [mutagenic glow]
 26549 | D:13     | Gained mutation: You have a pair of small horns on your
                  | head. [mutagenic glow]
 26915 | D:13     | Reached XP level 14. HP: 99/100 MP: 20/31
 27194 | D:14     | Gained mutation: Armour fits poorly on your strangely
                  | shaped body. [mutagenic glow]
 27415 | D:13     | Gained mutation: You are dopey. (Int -2) [mutagenic glow]
 27638 | D:14     | Gained mutation: You are very frail. (-20% HP) [mutagenic
                  | glow]
 27651 | D:14     | Gained mutation: You occasionally lose the ability to drink
                  | potions when taking damage. [mutagenic glow]
 27762 | D:14     | Identified the +11 arbalest of Pain and Death {venom, Will+
                  | rCorr}
 27762 | D:14     | Identified the ring of Doxkuola {*Slow rElec Dex+6 Slay+3}
 27765 | D:14     | Noticed Frances
 27766 | D:14     | HP: 4/96 [centaur warrior simulacrum (17)]
 27767 | D:14     | Slain by a green ugly thing

Illustrated notes

Levels and vault maps discovered:
D:1:      spicycebolla_green_bress_n_ham_2, layout_basic, minmay_misc_feat_five,
          hangedman_decor_opposing
D:2:      minmay_chambers_of_twos, layout_basic, serial_shops, shop,
          ebering_dispersal_statue_hall, grunt_decor_clamped, uniq_terence
D:3:      layout_rooms, fedhas_altar_fruit_tree
D:4:      layout_loops_ring, nicolae_overflow_two_pavilions
D:5:      layout_basic, grunt_temple_overflow_lords_of_destruction,
          kennysheep_generic_room_4
D:6:      layout_basic, gammafunk_temple_overflow_statue,
          minmay_misc_feat_rugged
D:7:      layout_loops_ring, minmay_temple_entry_butterflies, serial_shops,
          shop, nicolae_shop_behind_doors, uniq_duvessa
D:8:      layout_cave_pods, minmay_lair_entry_grove, minivault_12
D:9:      layout_big_octagon, lemuel_round_altar,
          minmay_fractal_squares_diagonal_5, uniq_psyche
D:10:     layout_stronghold, minmay_orc_entry_temple_small, serial_shops,
          nicolae_stop_n_shop_1, dk_rats_in_the_wall, uniq_harold
D:11:     layout_stronghold, nicolae_trove_entry_crystal, jiyva_altar_1,
          uniq_fannar
D:12:     layout_basic, uniq_kirke
D:13:     layout_loops_cross
D:14:     minmay_the_grid_square_5x5_3x3 [minmay_the_grid_square_5x5_fat_x,
          minmay_the_grid_square_5x5_pentomino_r,
          minmay_the_grid_square_5x5_slash,
          minmay_the_grid_square_5x5_sharp_hourglass,
          minmay_the_grid_square_5x5_megaprize_diamond,
          minmay_the_grid_square_5x5_doubleslash,
          minmay_the_grid_square_5x5_meh, minmay_the_grid_square_5x5_tie,
          minmay_the_grid_square_5x5_inverted_slash], layout_rooms,
          ximxim_vaults_locker_room, special_room [special_room_orc], tso_altar,
          uniq_frances
Lair:1:   layout_cave_pods, enter_volcano_3, grunt_megastairs_2
Lair:2:   layout_layer_cave, hellmonk_spider_entry_not_the_bees,
          nicolae_lair_grazing_beasts [nicolae_sub_lair_graze_edge,
          nicolae_sub_lair_graze_edge, nicolae_sub_lair_graze_edge,
          nicolae_sub_lair_graze_edge]
Lair:3:   layout_roguey, swamp_mist_pool, chequers_serial_rivers_micro_c,
          serial_bayou_shore_a, uniq_rupert
Lair:4:   layout_regular_city, dpeg_slime_entry_enclosed,
          hellmonk_ghost_happy_afterlife
Lair:5:   evilmike_catoblepas_cave, layout_misc_corridors,
          nicolae_lair_grove_arrangements

Skill      XL: |  1  2  3  4  5  6  7  8  9 10 11 12 13 |
---------------+----------------------------------------+-----
Dodging        | 2 5 9 |  9.6
Stealth        | 2 |  2.0
Spellcasting   | 2 3 4 7 8 |  8.9
Ice Magic      | 4 5 6 8 |  8.0
Conjurations   | 3 7 8 9 |  9.0
Transmutations | 2 7 8 9 |  9.0
Fighting       | 8 10 | 10.0
Armour         | 6 9 |  9.8

Action                   |  1- 3 |  4- 6 |  7- 9 | 10-12 | 13-15 || total
-------------------------+-------+-------+-------+-------+-------++-------
Melee: Unarmed           |     6 |       |       |       |       ||     6
       Mace              |       |    36 |    61 |    16 |       ||   113
       Punch             |       |     1 |     2 |       |     2 ||     5
       Staff             |       |       |       |     1 |    41 ||    42
       Bite              |       |       |       |       |     7 ||     7
       Headbutt          |       |       |       |       |     2 ||     2
 Cast: Freeze            |    44 |    40 |    25 |    17 |       ||   126
       Frozen Ramparts   |     1 |    10 |    22 |    35 |    16 ||    84
       Ozocubu's Armour  |       |     4 |     9 |    13 |     9 ||    35
       Stone Arrow       |       |       |    26 |    53 |    37 ||   116
       Irradiate         |       |       |     3 |    82 |   108 ||   193
Evoke: Wand              |       |       |     4 |     2 |       ||     6
  Use: Scroll            |       |     6 |     5 |    10 |     6 ||    27
       Potion            |       |       |     1 |    10 |     1 ||    12
 Stab: Sleeping          |       |     4 |     1 |       |       ||     5
Armor: Robe              |    16 |    48 |   103 |    94 |       ||   261
       Leather armour    |       |       |       |    41 |    37 ||    78
       Troll leather arm |       |       |       |       |    95 ||    95
Dodge: Dodged            |    33 |    69 |    89 |   140 |   174 ||   505

Table legend: (Time is in decaauts)
 A = Elapsed time spent in this place.
 B = Non-inter-level travel time spent in this place.
 C = Inter-level travel time spent in this place.
 D = Time resting spent in this place.
 E = Time spent auto-exploring this place.
 F = Levels seen in this place.
 G = Mean time per level.
                   A        B        C        D        E       F      G
               +--------+--------+--------+--------+--------+-----+--------+
         Total |  27861 |  26294 |   1567 |   6090 |  17247 |  19 | 1466.4 |
       Dungeon |  17535 |  16449 |   1086 |   3584 |  10948 |  14 | 1252.5 |
          Lair |  10326 |   9845 |    481 |   2506 |   6299 |   5 | 2065.2 |
               +--------+--------+--------+--------+--------+-----+--------+

Top non-repeatable levels by time:
  Lair:5: 2533 daAuts
  Lair:1: 2459 daAuts
  Lair:2: 2331 daAuts
     D:8: 1761 daAuts
    D:11: 1632 daAuts
  Lair:3: 1519 daAuts
    D:12: 1514 daAuts
  Lair:4: 1481 daAuts
     D:7: 1475 daAuts
     D:1: 1333 daAuts
     D:6: 1331 daAuts
     D:2: 1316 daAuts
     D:4: 1272 daAuts
    D:13: 1257 daAuts
     D:5: 1156 daAuts
